 Dungeon Crawl Stone Soup version 0.30-a0-782-ge64f9170bb (webtiles) character file.

Game seed: 11398237828235387856

1204 theswoord the Cruncher (level 8, -2/84 HPs)
             Began as a Demonspawn Gladiator on Mar 16, 2023.
             Was an Initiate of Qazlal.
             Slain by Duvessa
             ... wielding a +0 short sword
              (14 damage)
             ... on level 6 of the Dungeon.
             The game lasted 00:07:21 (5111 turns).

theswoord the Cruncher (Demonspawn Gladiator)       Turns: 5111, Time: 00:07:22

Health: -2/84      AC: 24    Str: 13 (16) XL:     8   Next: 21%
Magic:  8/8        EV:  2    Int:  9 (11) God:    Qazlal [......]
Gold:   396        SH:  0    Dex: 16 (18) Spells: 7/7 levels left

rFire   . . .      SeeInvis +    a - +1 quarterstaff (elec)
rCold   . . .      Faith    .    (shield currently unavailable)
rNeg    . . .      Spirit   .    (body armour currently unavailable)
rPois   +          Reflect  .    (helmet currently unavailable)
rElec   .          Harm     .    (cloak currently unavailable)
rCorr   .          Rampage  .    (gloves currently unavailable)
Will    .....      NoTele   +    (boots currently unavailable)
Stlth   +++                      (no amulet)
HPRegen 0.34/turn                g - ring of see invisible
MPRegen 0.11/turn                (no ring)

@: confused, lethally poisoned (-2 -> -7), tree-form, ambrosia-drunk
A: stationary, stasis, torment immunity, boosted hp, (antennae 2), thin skeletal
structure 2, foul stench 1
a: Renounce Religion


You were on level 6 of the Dungeon.
You worshipped Qazlal.
Qazlal was noncommittal.
You were a tree.
You visited 2 branches of the dungeon, and saw 7 of its levels.

You collected 396 gold pieces.

Inventory:

Hand Weapons
 a - a +1 quarterstaff of electrocution (weapon)
Missiles
 d - a throwing net (quivered)
 e - a javelin
Armour
 b - a +0 leather armour (melded)
 c - a +0 helmet
 i - a +0 pair of gloves (melded)
 l - a scarf of shadows (melded)
 n - a +1 cloak
Jewellery
 g - a ring of see invisible (left branch)
Scrolls
 j - 2 scrolls of teleportation
 p - a scroll of enchant weapon
Potions
 f - a potion of lignification
 h - a potion of attraction


   Skills:
 - Level 2.0 Fighting
 + Level 9.5 Staves
 - Level 1.7 Throwing
 - Level 2.6 Dodging


You had 7 spell levels left.
You didn't know any spells.
Your spell library contained the following spells:

 Spells                   Type           Power      Damage    Failure   Level
 Cigotuvi's Dreadful Rot  Necr/Pois/Air  0%         N/A       52%         2
 Dispel Undead            Necr           0%         3d6       99%         4
 Death Channel            Necr           0%         N/A       100%        6


Dungeon Overview and Level Annotations

Branches:
Dungeon (6/15)             Temple (1/1) D:6

Altars:
Hepliaklqana
Kikubaaqudgha
Qazlal
Sif Muna
Trog
Wu Jian

Shops:
D:2 (*:*[   D:3 [   D:5 [

Annotations:
D:4 2 transporters, jazmu's ghost, amateur OpEE
D:6 Duvessa


Innate Abilities, Weirdness & Mutations

You are a tree.
Your roots penetrate the ground, keeping you stationary.
You cannot be teleported.
You are immune to unholy pain and torment.
Your maximum health is greatly increased.
Your equipment is partially melded.
((You have a pair of antennae on your head.))
You have a moderately thin skeletal structure. (Dex +4, Stealth++)
You may rarely emit foul miasma when damaged in melee.


Message History

You feel magically purged.
You feel a little less clever now.
* * * LOW HITPOINT WARNING * * *
You feel very sick. The hound completely misses you.
Dowan is engulfed in dark miasma.
Dowan looks even sicker.
You kill Dowan!
Qazlal accepts your kill.
Duvessa screams in rage.
Duvessa goes berserk!
The hound closely misses you.
Okay, then.
It was a potion of ambrosia.
You are confused.
You feel invigorated.
* * * LOW HITPOINT WARNING * * *
You feel very sick. The hound bites you.
* * * LOW HITPOINT WARNING * * *
You emit a cloud of foul miasma!
Really quaff the potion of lignification?
You turn into a tree.
Your scarf of shadows melds into your body.
Your +0 pair of gloves melds into your body.
Your +0 leather armour melds into your body.
The dungeon's light returns to normal.
Your roots penetrate the ground.
* * * LOW HITPOINT WARNING * * *
You feel very sick. Duvessa hits you but does no damage.
The hound is engulfed in dark miasma.
The hound is poisoned.
The hound bites you but does no damage. Duvessa hits you but does no damage.
The hound is engulfed in dark miasma.
The hound looks even sicker.
The hound bites you but does no damage.
You cannot move. (Use ctrl+direction or * direction to attack while stationary and confused.)
Okay, then.
Okay, then.
You swing at nothing.
You feel sick. Duvessa hits you but does no damage.
The hound is engulfed in dark miasma.
The hound looks even sicker.
The hound seems to slow down.
The hound bites you but does no damage.
You completely miss Duvessa.
You feel sick. Duvessa hits you with a +0 short sword!
You die...

................
....#..#.........
................#### .
...............#...###..
#.###..#..#.#<.........
.....................#
.......#............#
#.###..#.#.......)..#
..# #..#........♣h..#
..# #..#..#.#.#e.#..#
### #..#..#.#.......#
#####..#..#.#.##....#
....................#
##.##..#..###.###...#
#.##..#..# #.# #..#
#.##..# ... ... #.##.##
##


You could see Duvessa (berserk) and a hound (very poisoned, slow).

Vanquished Creatures
  Edmund (D:6)
  2 water moccasins
  A sky beast (D:4)
  An ogre (D:5)
  A centaur (D:6)
  A phantom (D:5)
  3 scorpions
  Dowan (D:6)
  2 jellies (D:5)
  An orc priest (D:3)
  3 iguanas
  2 orc wizards (D:6)
  5 adders
  A white imp (D:5)
  An ufetubus (D:5)
  3 dart slugs (D:4)
  7 orcs
  3 bats
  4 endoplasms
  2 giant cockroaches
  5 goblins
  8 hobgoblins
  3 jackals (D:2)
  2 quokkas
  7 ball pythons
  2 frilled lizards
  8 kobolds
  3 rats
83 creatures vanquished.

Vanquished Creatures (others)
  2 plants
2 creatures vanquished.

Grand Total: 85 creatures vanquished

Notes
Turn   | Place    | Note
-------+----------+-------------------------------------------
     0 | D:1      | theswoord the Demonspawn Gladiator began the quest for the
                  | Orb.
     0 | D:1      | Reached XP level 1. HP: 16/16 MP: 1/1
   223 | D:1      | Reached skill level 3 in Staves
   321 | D:1      | Gained mutation: You have a pair of small antennae on your
                  | head. [demonic ancestry]
   321 | D:1      | Reached XP level 2. HP: 22/22 MP: 2/2
   716 | D:2      | Found Jaleju Kiask's General Store.
   817 | D:2      | Found Onynkea's Antique Armour Emporium.
   848 | D:2      | Found an ornate altar of the Wu Jian Council.
   922 | D:2      | Found a faded altar of an unknown god.
   992 | D:2      | Found Vagist's General Store.
  1048 | D:2      | Found Jotsaipso's Book Shop.
  1154 | D:2      | Found Uttylaxa's Weapon Shoppe.
  1381 | D:2      | Gained mutation: You have a pair of antennae on your head.
                  | [demonic ancestry]
  1381 | D:2      | Reached XP level 3. HP: 24/27 MP: 3/3
  1688 | D:3      | Found Jidutuc's Antique Armour Emporium.
  1962 | D:3      | Reached skill level 4 in Staves
  1971 | D:3      | Reached XP level 4. HP: 23/33 MP: 4/4
  2452 | D:4      | Noticed jazmu's ghost (amateur OpEE)
  2469 | D:4      | Found a transporter.
  2500 | D:4      | Noticed a scorpion
  2509 | D:4      | Killed a scorpion
  2510 | D:4      | Reached skill level 5 in Staves
  2510 | D:4      | Reached XP level 5. HP: 22/38 MP: 5/5
  2805 | D:4      | Found a transporter.
  2823 | D:4      | Noticed a sky beast
  2856 | D:4      | Killed a sky beast
  2857 | D:4      | Reached skill level 6 in Staves
  2857 | D:4      | Gained mutation: You have a somewhat thin skeletal
                  | structure. (Dex +2, Stealth+) [demonic ancestry]
  2857 | D:4      | Reached XP level 6. HP: 34/44 MP: 6/6
  3119 | D:4      | Noticed a water moccasin
  3132 | D:4      | Killed a water moccasin
  3670 | D:5      | Entered Level 5 of the Dungeon
  3687 | D:5      | Found Ylac's Antique Armour Shop.
  3825 | D:5      | Reached skill level 7 in Staves
  4012 | D:5      | Gained mutation: You may rarely emit foul miasma when
                  | damaged in melee. [demonic ancestry]
  4012 | D:5      | Reached XP level 7. HP: 30/50 MP: 7/7
  4164 | D:5      | Reached skill level 8 in Staves
  4376 | D:5      | Identified the +0 helmet "Zaamuw" {Int+3 Dex+4}
  4497 | D:5      | Found a hazy altar of Hepliaklqana.
  4606 | D:6      | Found a staircase to the Ecumenical Temple.
  4617 | Temple   | Entered the Ecumenical Temple
  4622 | Temple   | Became a worshipper of Qazlal Stormbringer
  4894 | D:6      | Reached skill level 9 in Staves
  4894 | D:6      | Gained mutation: You have a moderately thin skeletal
                  | structure. (Dex +4, Stealth++) [demonic ancestry]
  4894 | D:6      | Reached XP level 8. HP: 56/56 MP: 8/8
  5091 | D:6      | Noticed Edmund
  5098 | D:6      | Noticed Dowan
  5103 | D:6      | Killed Edmund
  5105 | D:6      | Noticed Duvessa
  5107 | D:6      | Killed Dowan
  5111 | D:6      | Slain by Duvessa

Skill      XL: |  1  2  3  4  5  6  7 |
---------------+----------------------+-----
Staves         | 3 4 5 6 7 9 |  9.5
Fighting       | |  2.0
Throwing       | |  1.7
Dodging        | |  2.6

Action                     |  1- 3 |  4- 6 |  7- 9 || total
---------------------------+-------+-------+-------++-------
  Melee: Quarterstaff      |   107 |   145 |    85 ||   337
  Throw: Throwing net      |       |     1 |     2 ||     3
    Use: Scroll            |     2 |     5 |     1 ||     8
         Potion            |     1 |     2 |     5 ||     8
   Stab: Sleeping          |       |     1 |     4 ||     5
         Distracted        |       |     1 |       ||     1
         Held in net/web   |       |       |     2 ||     2
 Armour: Leather armour    |    32 |    36 |    17 ||    85
         Skin              |       |       |     6 ||     6
  Dodge: Dodged            |    71 |    63 |    48 ||   182

Levels and vault maps discovered:
D:1:      dpeg_arrival_castle, layout_loops_cross
D:2:      layout_loops_ring, basic_altar, serial_shops,
          nicolae_shop_hallway_stairs, nicolae_shop_hallway_plus,
          shop_fountains, nicolae_shop_trees, shop,
          shapermc_ecumenical_altar_mp_ritualfount, minmay_misc_feat_doors
D:3:      layout_loops_cross, serial_shops, shop, serial_bayou_lake_a
D:4:      layout_loops_corners, nicolae_ossuary_entry_false_entrances,
          gammafunk_ghost_arena, minmay_fractal_squares_5
D:5:      layout_loops_ring, worldfamousw_hep_ancestral_shrine, serial_shops,
          nicolae_square_shop, st_stairs_9, grunt_ministairs_2
D:6:      layout_basic, mainiacjoe_overflow_paths, temple_fountains,
          uniq_duvessa, uniq_edmund
Temple:   nicolae_temple_ecumenical_triangle
